 Dungeon Crawl Stone Soup version 0.21.1-1-g345015f (webtiles) character file.

44 zishaf the Sneak (level 3, -2/16 HPs)
             Began as a Spriggan Enchanter on May 7, 2018.
             Slain by an adder (5 damage)
             ... on level 2 of the Dungeon.
             The game lasted 00:06:11 (1272 turns).

zishaf the Sneak (Spriggan Enchanter)               Turns: 1272, Time: 00:06:11

Health: -2/16      AC:  2    Str:  4    XL:     3   Next: 41%
Magic:  1/8        EV: 19    Int: 16    God:
Gold:   40         SH:  0    Dex: 17    Spells: 0/7 levels left

rFire    . . .     SeeInvis +   a - +1 dagger
rCold    . . .     Gourm    .   (shield restricted)
rNeg     . . .     Faith    .   b - +0 robe
rPois    +         Spirit   .   (helmet restricted)
rElec    .         Reflect  .   (no cloak)
rCorr    .         Harm     .   (gloves unavailable)
MR       .....                  (boots unavailable)
Stlth    +++.......             (no amulet)
HPRegen  0.05/turn              l - ring of poison resistance
MPRegen  0.11/turn              (no ring)

@: lethally poisoned (-2 -> -6), very slightly contaminated, very quick
A: very small, unfitting armour, see invisible, herbivore, speed 3, slow
metabolism 2
a: no special abilities


You were on level 2 of the Dungeon.
You were not hungry.

You visited 1 branch of the dungeon, and saw 2 of its levels.

You collected 40 gold pieces.

Inventory:

Hand Weapons
 a - a +1 dagger (weapon)
Missiles
 g - 8 poisoned needles
Armour
 b - a +0 robe (worn)
Jewellery
 l - a ring of poison resistance (left hand)
Scrolls
 f - a scroll of teleportation {unknown}
 h - a scroll of fog {unknown}
 i - 2 scrolls of identify {unknown}
 j - 2 scrolls of magic mapping {unknown}
 k - a scroll of immolation {unknown}
Potions
 e - a potion of resistance {unknown}
 m - a potion of heal wounds {unknown}
 n - a potion of brilliance {unknown}
 o - a potion of degeneration {unknown}
Books
 c - a book of Maledictions

   Spells                             Type                      Level
   a - Corona                         Hexes                        1
   b - Ensorcelled Hibernation        Hexes/Ice                    2
   c - Confuse                        Hexes                        3
   d - Tukima's Dance                 Hexes                        3
   e - Dazzling Spray                 Conjuration/Hexes            3
Comestibles
 d - 3 rations


   Skills:
 - Level 1.1 Short Blades
 + Level 3.8 Dodging
 * Level 5.8 Stealth
 - Level 2.6 Spellcasting
 + Level 4.1 Hexes


You couldn't memorise any spells.
You knew the following spells:

 Your Spells              Type           Power        Failure   Level  Hunger
a - Corona                Hex            ###....      3%          1    #......
b - Confuse               Hex            ###.....     11%         3    ###....
c - Tukima's Dance        Hex            ###.....     11%         3    ###....


Dungeon Overview and Level Annotations

Branches:
Dungeon (2/15)

Altars:
Ashenzari
Zin


Innate Abilities, Weirdness & Mutations

You are very small and have problems with some larger weapons.
You are too small for most types of armour.
You have supernaturally acute eyesight. (SInv)
You are a herbivore.
You cover ground extremely quickly.
You need consume almost no food.


Message History

You feel sick. The adder misses you.
You hit the adder.
The adder is moderately wounded.
The adder misses you.
You barely miss the adder.
The adder is moderately wounded.
You feel sick. The adder bites you.
You hit the adder.
The adder is moderately wounded.
The adder misses you.
You barely miss the adder.
The adder is moderately wounded.
The adder bites you.
* * * LOW HITPOINT WARNING * * *
The adder completely misses you.
You hit the adder.
The adder is heavily wounded.
* * * LOW HITPOINT WARNING * * *
You feel sick. The adder bites you.
You die...

# . .######## ## .. ..
......... .#.# ...
#........ .... ....
#........ ### #..##
#........ ###
#....###........######
#....@S.........+.._..
#..#####........###.## #
#........# #.#
#........###S## ###
####...........
#⌠.##+##.⌠#..#...#.>..
#.........#..........( #
#####.......##..#...#.##.
#.#...#.......#...#.#...###


You could see an adder.

Vanquished Creatures
  An adder (D:2)
  2 dart slugs (D:1)
  2 leopard geckos
  3 bats
  2 giant cockroaches (D:1)
  2 goblins
  5 hobgoblins
  A jackal (D:2)
  5 frilled lizards
  4 kobolds (D:1)
  3 rats
30 creatures vanquished.

Notes
Turn   | Place    | Note
-------+----------+-------------------------------------------
     0 | D:1      | zishaf the Spriggan Enchanter began the quest for the Orb.
     0 | D:1      | Reached XP level 1. HP: 9/9 MP: 5/5
   177 | D:1      | Reached XP level 2. HP: 12/13 MP: 6/6
   202 | D:1      | Reached skill level 5 in Stealth
   749 | D:2      | Found a glowing silver altar of Zin.
   797 | D:2      | Found a shattered altar of Ashenzari.
   809 | D:2      | Reached XP level 3. HP: 16/16 MP: 8/8
   824 | D:2      | Learned a level 3 spell: Confuse
   828 | D:2      | Learned a level 3 spell: Tukima's Dance
  1272 | D:2      | Slain by an adder

Skill      XL: |  1  2 |
---------------+-------+-----
Stealth        | 5 |  5.8
Hexes          | 4 |  4.1
Short Blades   | |  1.1
Dodging        | |  3.8
Spellcasting   | |  2.6

Action                   || total
-------------------------++-------
Melee: Dagger            ||   178
 Cast: Corona            ||     3
       Confuse           ||     1
 Stab: Sleeping          ||     9
Armor: Robe              ||    19
Dodge: Dodged            ||   147
